 Dungeon Crawl Stone Soup version 0.23.1 (webtiles) character file.

Game seed: 5116677667786872991

216 Borgoz the Sneak (level 5, -2/35 (41) HPs)
             Began as a Ghoul Enchanter on Mar 5, 2019.
             Killed from afar by Ijyb (5 damage)
             ... with a wand of flame (18)
             ... on level 3 of the Dungeon.
             The game lasted 00:08:27 (4199 turns).

Borgoz the Sneak (Ghoul Enchanter)                  Turns: 4199, Time: 00:08:28

HP:   -2/35 (41)    AC:  3    Str: 12    XL:     5   Next: 93%
MP:   2/7           EV: 12    Int: 10    God:
Gold: 171           SH:  0    Dex: 10    Spells: 5/8 levels left

rFire    + . .     SeeInvis +   k - +0 short sword
rCold    + + .     Gourm    .   (no shield)
rNeg     + + +     Faith    .   b - +0 robe
rPois    ∞         Spirit   .   q - +1 hat
rElec    +         Reflect  .   (no cloak)
rCorr    +         Harm     .   (no gloves)
MR       .....                  (no boots)
Stlth    ++........             (no amulet)
HPRegen  0.00/turn              h - ring of see invisible
MPRegen  0.10/turn              (no ring)

@: resistant, rotting
A: rotting body, claws 1, carnivore, cold resistance 1, negative energy
resistance 3, inhibited regeneration, torment resistance, unbreathing
a: no special abilities


You were on level 3 of the Dungeon.
You were not hungry.

You visited 1 branch of the dungeon, and saw 3 of its levels.

You collected 171 gold pieces.

Inventory:

Hand Weapons
 k - a +0 short sword (weapon)
Missiles
 g - 8 poisoned tomahawks (quivered)
Armour
 b - a +0 robe (worn)
 q - a +1 hat (worn)
Jewellery
 h - a ring of see invisible (left claw)
 s - an uncursed amulet of rage {unknown}
Scrolls
 a - 4 scrolls of identify {unknown}
 e - 2 scrolls of fog {unknown}
 i - a scroll of random uselessness {unknown}
 j - 6 scrolls of remove curse {unknown}
 n - a scroll of blinking {unknown}
 o - a scroll of teleportation {unknown}
 r - a scroll of enchant weapon {unknown}
Potions
 f - a potion of brilliance
Comestibles
 d - 7 rations


   Skills:
 + Level 1.9 Fighting
 * Level 2.3 Short Blades
 + Level 0.0 Armour
 * Level 2.9 Dodging
 + Level 3.9 Stealth
 + Level 2.2 Spellcasting
 * Level 3.3 Hexes


You had 5 spell levels left.
You knew the following spells:

 Your Spells              Type           Power        Failure   Level  Hunger
a - Corona                Hex            #......      8%          1    ##.....
b - Ensorcelled Hibernat  Hex/Ice        #.....       24%         2    ###....

Your spell library contained the following spells:

 Spells                   Type           Power        Failure   Level  Hunger
 Slow                     Hex            #.......     12%         2    ###....
 Confuse                  Hex            #.......     24%         3    ####...
 Tukima's Dance           Hex            #.......     24%         3    ####...
 Magic Dart               Conj           #...         30%         1    ##.....
 Blink                    Tloc           N/A          43%         2    ###....
 Call Imp                 Summ           #.......     43%         2    ###....
 Dazzling Spray           Conj/Hex       #.....       43%         3    ####...
 Conjure Flame            Conj/Fire      #.......     67%         3    ####...
 Mephitic Cloud           Conj/Pois/Air  #.......     67%         3    ####...


Dungeon Overview and Level Annotations

Branches:
Dungeon (3/15)

Altars:

Annotations:
D:3 Ijyb


Innate Abilities, Weirdness & Mutations

Your body is rotting away.
You thrive on raw meat.
You are immune to poison.
You have sharp fingernails.
You are carnivorous and can eat meat at any time.
Your flesh is cold resistant. (rC+)
You are immune to negative energy. (rN+++)
You do not regenerate when monsters are visible.
You are immune to unholy pain and torment.
You can survive without breathing.


Message History

Okay, then.
Casting: Ensorcelled Hibernation (safe; 24% risk of failure)
Confirm with . or Enter, or press ? or * to list all spells.
Aiming: Ensorcelled Hibernation (safe; 24% risk of failure)
Press: ? - help, Shift-Dir - straight line, f - you
Okay, then.
Casting: Ensorcelled Hibernation (safe; 24% risk of failure)
Confirm with . or Enter, or press ? or * to list all spells.
Aiming: Ensorcelled Hibernation (safe; 24% risk of failure)
Press: ? - help, Shift-Dir - straight line, f - Ijyb
Aim: Ijyb, wearing a +0 leather armour and carrying a wand of flame (18) (heavily wounded, chance to defeat MR: 45%) Ijyb looks drowsy...
The helpless Ijyb fails to defend herself.
You puncture Ijyb!
Ijyb is almost dead.
Ijyb misses you.
You hit Ijyb but do no damage.
Ijyb is almost dead.
Ijyb zaps a wand.
The puff of flame hits you. You resist.
You die...

#.# #.≈..≈.... ≈≈.
#.####......... ≈..
#.......###### #.#
####.#### #.# #.# #.#
#.#############.######
#...##...............#
####.##.......#####.#.##
#.....g@.)....#####.#.#.
#.##.##..........#......
#....##.......##.#..#...
#.#####.......##.#..#...
#.#####.#####...........
#...[...# ####.#.#....
#.####### #.#..)...
#.###### #.###.#.#
#......# #.......#


You could see Ijyb.

Vanquished Creatures
  A crimson imp (D:3)
  Terence (D:2)
  A gnoll (D:3)
  7 adders
  2 oozes
  2 worms (D:2)
  2 dart slugs
  2 leopard geckos (D:2)
  2 ball pythons
  4 bats
  A giant cockroach (D:2)
  7 goblins
  8 hobgoblins
  8 jackals (D:1)
  2 frilled lizards
  9 kobolds
  9 rats
68 creatures vanquished.

Notes
Turn   | Place    | Note
-------+----------+-------------------------------------------
     0 | D:1      | Borgoz the Ghoul Enchanter began the quest for the Orb.
     0 | D:1      | Reached XP level 1. HP: 14/14 MP: 2/2
    40 | D:1      | Reached skill level 1 in Short Blades
   115 | D:1      | Reached XP level 2. HP: 10/20 MP: 0/3
   126 | D:1      | Learned a level 2 spell: Ensorcelled Hibernation
  1100 | D:2      | Reached XP level 3. HP: 27/27 MP: 4/4
  1140 | D:2      | Reached skill level 1 in Fighting
  1386 | D:1      | Reached XP level 4. HP: 17/34 MP: 2/6
  2071 | D:2      | Reached XP level 5. HP: 39/39 MP: 7/7
  3263 | D:3      | Noticed Terence
  3326 | D:2      | HP: 2/41 [Terence/+0 mace (8)]
  3375 | D:2      | Killed Terence
  4130 | D:3      | Found a faded altar of an unknown god.
  4159 | D:3      | Noticed Ijyb
  4199 | D:3      | Killed from afar by Ijyb

Skill      XL: |  1  2  3  4 |
---------------+-------------+-----
Short Blades   | 1 2 |  2.3
Dodging        | 2 |  2.9
Fighting       | 1 |  1.9
Spellcasting   | 2 |  2.2
Hexes          | 3 |  3.3
Stealth        | |  3.9

Action                   |  1- 3 |  4- 6 || total
-------------------------+-------+-------++-------
Melee: Dagger            |   110 |       ||   110
       Short sword       |    33 |   183 ||   216
 Cast: Corona            |     4 |     2 ||     6
       Ensorcelled Hiber |     7 |    23 ||    30
  Use: Potion            |       |     5 ||     5
 Stab: Sleeping          |     6 |    16 ||    22
  Eat: Chunk             |     5 |    10 ||    15
Armor: Robe              |    13 |    26 ||    39
Dodge: Dodged            |    88 |   123 ||   211
